 Dungeon Crawl Stone Soup version 0.32-a0-470-g255bbe2 (webtiles) character file.

Game seed: 11599521354620384543

167 Dorkslayer the Slasher (level 5, -1/39 HPs)
             Began as a Coglin Gladiator on Feb 25, 2024.
             Incinerated by a bombardier beetle (6 damage)
             ... with a burning spray
             ... on level 3 of the Dungeon.
             The game lasted 00:04:12 (1820 turns).

Dorkslayer the Slasher (Coglin Gladiator)           Turns: 1820, Time: 00:04:12

Health: -1/39      AC:  7    Str: 15    XL:     5   Next: 48%
Magic:  5/5        EV: 10    Int:  7    God:
Gold:   96         SH:  0    Dex: 17    Spells: 4/4 levels left

rFire   . . .        n - +0 short sword (holy) {Urai}
rCold   . . .        i - +1 short sword (speed) {Fusazane}
rNeg    . . .        o - +0 scale mail
rPois   .            c - +0 helmet
rElec   .            (no cloak)
rCorr   .            (no gloves)
SInv    .            (no boots)
Will    .....        (no amulet) Stlth
                     (ring unavailable)
HPRegen 0.26/turn    (ring unavailable)
MPRegen 0.09/turn

%: no passive effects
@: on fire, glowing, revved
A: off-hand wielding, slow wielding, warmup strikes, no rings
a: no special abilities


You were on level 3 of the Dungeon.
You visited 1 branch of the dungeon, and saw 3 of its levels.

You collected 96 gold pieces.

Inventory:

Hand Weapons
 a - a +0 long sword {Appia}
 i - a +1 short sword of speed (offhand) {Fusazane}
 n - a +0 short sword of holy wrath (weapon) {Urai}
Missiles
 b - 2 boomerangs
 d - 3 throwing nets (quivered)
 e - a javelin
Armour
 c - a +0 helmet (worn)
 o - a +0 scale mail (worn)
Jewellery
 m - an amulet of guardian spirit
Scrolls
 f - a scroll of butterflies {unknown}
 j - 2 scrolls of teleportation {unknown}
Potions
 g - a potion of mutation {unknown}
 h - 2 potions of might {unknown}
 k - 2 potions of invisibility {unknown}
 l - 2 potions of attraction {unknown}


   Skills:
 + Level 2.3 Fighting
 + Level 1.2(2.7) Short Blades
 + Level 4.1(4.2) Long Blades
 + Level 1.8 Throwing
 + Level 1.8 Armour
 + Level 3.4 Dodging
 + Level 1.0 Stealth


You had 4 spell levels left.
You didn't know any spells.
Your spell library contained the following spells:

 Spells                   Type           Power      Damage    Failure   Level
 Inner Flame              Hex/Fire       0%         N/A       99%         3
 Summon Ice Beast         Ice/Summ       0%         N/A       99%         3
 Flame Wave               Conj/Fire      0%         2d4       100%        4
 Sticky Flame             Fire/Alch      0%         2d4       100%        4
 Summon Mana Viper        Hex/Summ       0%         N/A       100%        5
 Monstrous Menagerie      Summ           0%         N/A       100%        7


Dungeon Overview and Level Annotations

Branches:
Dungeon (3/15)

Altars:
Ashenzari
Uskayaw


Innate Abilities, Weirdness & Mutations

You can wield a second weapon in your off-hand.
It takes a long time for you to wield or remove held weapons.
Your first few attacks do less damage.
Your grasper-arms cannot wear rings.


Message History

The liquid fire burns you!
You closely miss the bombardier beetle with your +1 short sword of speed.
The bombardier beetle is severely wounded.
You hit the bombardier beetle but do no damage.
The liquid fire burns you!
The frilled lizard bites you but does no damage.
The bombardier beetle completely misses you.
You completely miss the bombardier beetle with your +1 short sword of speed.
The bombardier beetle is severely wounded.
You barely miss the bombardier beetle with your +0 short sword of holy wrath.
The liquid fire burns you!
The frilled lizard bites you but does no damage.
You completely miss the bombardier beetle with your +1 short sword of speed.
The bombardier beetle is severely wounded.
You hit the bombardier beetle but do no damage.
The liquid fire burns you!
A rat comes into view.
The frilled lizard bites you but does no damage.
The rat squeaks loudly.
You hit the bombardier beetle with your +1 short sword of speed.
The bombardier beetle is almost dead.
You hit the bombardier beetle with your +0 short sword of holy wrath.
You kill the bombardier beetle!
The liquid fire burns you!
You barely miss the frilled lizard with your +1 short sword of speed.
You barely miss the frilled lizard with your +0 short sword of holy wrath.
The liquid fire burns you!
* * * LOW HITPOINT WARNING * * *
The frilled lizard completely misses you.
You hit the frilled lizard with your +1 short sword of speed.
You kill the frilled lizard!
The liquid fire burns you!
* * * LOW HITPOINT WARNING * * *
Found a stone staircase leading down.
You shake off some of the fire as you move.
The liquid fire burns you!
* * * LOW HITPOINT WARNING * * *
You shake off some of the fire as you move.
The liquid fire burns you!
You die...

#####################.##
............>...@$....>.
...##########.........##
.........# #.†......##
.........# #........#
.........# #...⌠...$#
.........# ##r....#.#
........#. ....$.....
........# ........###
........# .......#


You could see a rat.

Vanquished Creatures
  A bombardier beetle (D:3)
  Terence (D:3)
  4 adders
  2 ribbon worms
  2 dart slugs
  2 orcs (D:3)
  2 bats (D:1)
  7 endoplasms
  3 giant cockroaches (D:3)
  3 goblins
  3 hobgoblins
  6 kobolds
  2 quokkas (D:3)
  8 ball pythons
  5 frilled lizards
  8 rats
59 creatures vanquished.

Notes
Turn   | Place    | Note
-------+----------+-------------------------------------------
     0 | D:1      | Dorkslayer the Coglin Gladiator began the quest for the
                  | Orb.
     0 | D:1      | Reached XP level 1. HP: 16/16 MP: 1/1
   145 | D:1      | Reached XP level 2. HP: 12/22 MP: 2/2
   629 | D:1      | Reached XP level 3. HP: 27/27 MP: 3/3
   647 | D:1      | Reached skill level 1 in Armour
  1075 | D:2      | Reached XP level 4. HP: 29/33 MP: 4/4
  1655 | D:3      | Found a hide-covered altar of Uskayaw.
  1655 | D:3      | Found a broken altar of Ashenzari.
  1720 | D:3      | Noticed Terence
  1738 | D:3      | Killed Terence
  1739 | D:3      | Reached skill level 1 in Short Blades
  1739 | D:3      | Reached skill level 4 in Long Blades
  1739 | D:3      | Reached skill level 1 in Stealth
  1739 | D:3      | Reached XP level 5. HP: 26/38 MP: 5/5
  1820 | D:3      | Incinerated by a bombardier beetle

Illustrated notes

Levels and vault maps discovered:
D:1:      amcnicky_arrival_abandoned_market, layout_basic, serial_park_tiny_1
D:2:      layout_loops_ring
D:3:      layout_basic, amethyst_overflow_temple_binary, st_stairs_6,
          solitary_fountain, minmay_misc_feat_encased, uniq_terence, uniq_ijyb

Skill      XL: |  1  2  3  4 |
---------------+-------------+-----
Dodging        | 3 |  3.4
Armour         | 1 |  1.8
Short Blades   | 1 |  1.2
Long Blades    | 4 |  4.1
Stealth        | 1 |  1.0
Fighting       | |  2.3
Throwing       | |  1.8

Action                     |  1- 3 |  4- 6 || total
---------------------------+-------+-------++-------
  Melee: Long sword        |    68 |    44 ||   112
         Short sword       |    20 |    65 ||    85
    Use: Scroll            |     1 |       ||     1
   Stab: Sleeping          |       |     1 ||     1
 Armour: Leather armour    |    38 |    28 ||    66
         Scale mail        |       |     4 ||     4
  Dodge: Dodged            |    53 |    46 ||    99

Table legend: (Time is in decaauts)
 A = Elapsed time spent in this place.
 B = Non-inter-level travel time spent in this place.
 C = Inter-level travel time spent in this place.
 D = Time resting spent in this place.
 E = Time spent auto-exploring this place.
 F = Levels seen in this place.
 G = Mean time per level.
                   A        B        C        D        E       F      G
               +--------+--------+--------+--------+--------+-----+--------+
         Total |   1818 |   1818 |      0 |      0 |    967 |   3 |  606.0 |
       Dungeon |   1818 |   1818 |      0 |      0 |    967 |   3 |  606.0 |
               +--------+--------+--------+--------+--------+-----+--------+

Top non-repeatable levels by time:
     D:1: 845 daAuts
     D:2: 611 daAuts
     D:3: 361 daAuts
